% Time on Ice - KANSAS CITY KILLERBEES
Lines # - Real PCT - Wanted PCT - Time Play
Normal Forward
1 - 34% - 36% - 17:02
2 - 31% - 31% - 15:54
3 - 26% - 23% - 13:01
4 - 10% - 10% - 4:50
Normal Defense
1 - 36% - 36% - 18:05
2 - 32% - 34% - 16:02
3 - 27% - 22% - 13:34
4 - 6% - 8% - 3:06
PP Forward
1 - 51% - 55% - 2:02
2 - 49% - 45% - 1:56
PP Defense
1 - 51% - 55% - 2:02
2 - 49% - 45% - 1:56
PK Forward
1 - 51% - 55% - 1:39
2 - 49% - 45% - 1:37
PK Defense
1 - 52% - 55% - 1:42
2 - 48% - 45% - 1:34
PK3 Forward
1 - 0% - 55%
2 - 0% - 45%
PK3 Defense
1 - 0% - 55%
2 - 0% - 45%
44 Forward
1 - 58% - 55% - 1:09
2 - 42% - 45% - 0:50
44 Defense
1 - 37% - 55% - 0:44
2 - 63% - 45% - 1:15
Last Minute Offensive  - 0:00
Last Minute Defensive  - 0:00
Total
Forward - 60:00
Defense - 60:00
% Time on Ice - SASKATOON DUCKS
Lines # - Real PCT - Wanted PCT - Time Play
Normal Forward
1 - 30% - 38% - 15:01
2 - 36% - 37% - 18:31
3 - 21% - 20% - 10:55
4 - 12% - 5% - 6:20
Normal Defense
1 - 39% - 40% - 19:37
2 - 31% - 30% - 15:59
3 - 25% - 20% - 12:44
4 - 5% - 10% - 2:27
PP Forward
1 - 49% - 60% - 1:37
2 - 51% - 40% - 1:39
PP Defense
1 - 64% - 60% - 2:06
2 - 36% - 40% - 1:10
PK Forward
1 - 53% - 55% - 2:07
2 - 47% - 45% - 1:51
PK Defense
1 - 48% - 55% - 1:55
2 - 52% - 45% - 2:03
PK3 Forward
1 - 0% - 55%
2 - 0% - 45%
PK3 Defense
1 - 0% - 55%
2 - 0% - 45%
44 Forward
1 - 100% - 55% - 1:59
2 - 0% - 45% - 0:00
44 Defense
1 - 58% - 55% - 1:09
2 - 42% - 45% - 0:50
Last Minute Offensive  - 0:00
Last Minute Defensive  - 0:00
Total
Forward - 60:00
Defense - 60:00
Play-by-Play 1st period 0:01 of 1st period - Boone Jenner wins face-off versus Artemi Panarin in neutral zone. 0:18 of 1st period - Shot by Philipp Kurashev. 0:18 of 1st period - Stopped by Tristan Jarry without a rebound. 0:19 of 1st period - Tyler Johnson wins face-off versus Ryan Strome in SASKATOON DUCKS zone. 0:40 of 1st period - Shot by Alexis Lafreniere. 0:40 of 1st period - Deflect By Nicholas Paul. 0:40 of 1st period - Stopped by Tristan Jarry without a rebound. 0:41 of 1st period - Paul Stastny wins face-off versus Morgan Barron in SASKATOON DUCKS zone. 0:48 of 1st period - Shot by Jakub Voracek. 0:48 of 1st period - Stopped by Tristan Jarry without a rebound. 0:49 of 1st period - Jaret Anderson-Dolan wins face-off versus Nils Aman in SASKATOON DUCKS zone. 1:51 of 1st period - Shot by James van Riemsdyk. 1:51 of 1st period - Shot Blocked by Jaycob Megna. 2:06 of 1st period - Artemi Panarin is hit by Riley Stillman. 2:20 of 1st period - Shot by Kailer Yamamoto. 2:20 of 1st period - Shot Misses the Net. 2:55 of 1st period - Shot by Jake Guentzel. 2:55 of 1st period - Stopped by Ilya Samsonov without a rebound. 2:56 of 1st period - Tyler Johnson wins face-off versus Paul Stastny in KANSAS CITY KILLERBEES zone. 4:00 of 1st period - Shot by Jake Guentzel. 4:00 of 1st period - Shot Misses the Net. 5:05 of 1st period - Shot by Artemi Panarin. 5:05 of 1st period - Stopped by Ilya Samsonov with a rebound. 5:21 of 1st period - Sidney Crosby is hit by Boone Jenner and loses puck. 6:30 of 1st period - Shot by Alexis Lafreniere. 6:30 of 1st period - Shot Misses the Net. 6:38 of 1st period - Off-side. 6:39 of 1st period - Jaret Anderson-Dolan wins face-off versus Ryan Strome in neutral zone. 6:49 of 1st period - Jake Guentzel is hit by K'Andre Miller and loses puck. 6:58 of 1st period - Ivan Barbashev is hit by Nicolas Aube-Kubel and loses puck. 7:27 of 1st period - Icing by K'Andre Miller. 7:28 of 1st period - Sidney Crosby wins face-off versus Jaret Anderson-Dolan in KANSAS CITY KILLERBEES zone. 7:40 of 1st period - Icing by Mattias Ekholm. 7:41 of 1st period - Jaret Anderson-Dolan wins face-off versus Phil Kessel in KANSAS CITY KILLERBEES zone. 8:08 of 1st period - Shot by Phil Kessel. 8:08 of 1st period - Stopped by Ilya Samsonov without a rebound. 8:09 of 1st period - Boone Jenner wins face-off versus Sidney Crosby in KANSAS CITY KILLERBEES zone. 8:09 of 1st period - Boone Jenner is hit by Kailer Yamamoto. 8:15 of 1st period - Shot by Philipp Kurashev. 8:15 of 1st period - Stopped by Tristan Jarry without a rebound. 8:16 of 1st period - Morgan Barron wins face-off versus Sidney Crosby in SASKATOON DUCKS zone. 8:36 of 1st period - Off-side. 8:37 of 1st period - Boone Jenner wins face-off versus Ryan Strome in neutral zone. 8:59 of 1st period - Shot by James van Riemsdyk. 8:59 of 1st period - Stopped by Tristan Jarry without a rebound. 9:00 of 1st period - Sidney Crosby wins face-off versus Tyler Johnson in SASKATOON DUCKS zone. 9:21 of 1st period - Icing by Nicholas Paul. 9:22 of 1st period - Ryan Strome wins face-off versus Tyler Johnson in KANSAS CITY KILLERBEES zone. 9:27 of 1st period - Shot by Ivan Barbashev. 9:27 of 1st period - Stopped by Ilya Samsonov without a rebound. 9:28 of 1st period - Ryan Strome wins face-off versus Boone Jenner in KANSAS CITY KILLERBEES zone. 10:08 of 1st period - Shot by Roman Josi. 10:08 of 1st period - Stopped by Ilya Samsonov without a rebound. 10:09 of 1st period - Sidney Crosby wins face-off versus Morgan Barron in KANSAS CITY KILLERBEES zone. 10:17 of 1st period - Artemi Panarin is hit by Jacob Muzzin and loses puck. 10:36 of 1st period - Shot by Sidney Crosby. 10:36 of 1st period - The goal is going for a video replay. 10:36 of 1st period - The goal is refused. 10:37 of 1st period - Paul Stastny wins face-off versus Tyler Johnson in KANSAS CITY KILLERBEES zone. 11:15 of 1st period - Minor Penalty to Jaycob Megna for High sticking. 11:16 of 1st period - Boone Jenner wins face-off versus Ryan Strome in SASKATOON DUCKS zone. 11:20 of 1st period - Boone Jenner is hit by Kevin Shattenkirk. 11:22 of 1st period - Shot by K'Andre Miller. 11:22 of 1st period - Shot Blocked by Kevin Shattenkirk. 11:24 of 1st period - Shot by K'Andre Miller. 11:24 of 1st period - Shot Misses the Net. 11:32 of 1st period - Shot by Boone Jenner. 11:32 of 1st period - Shot Blocked by Ryan McDonagh. 11:34 of 1st period - Shot by Boone Jenner. 11:34 of 1st period - Deflect By James van Riemsdyk. 11:34 of 1st period - Shot Misses the Net. 11:36 of 1st period - Shot by Boone Jenner. 11:36 of 1st period - Deflect By James van Riemsdyk. 11:36 of 1st period - Shot Misses the Net. 11:38 of 1st period - Shot by K'Andre Miller. 11:38 of 1st period - Stopped by Tristan Jarry without a rebound. 11:39 of 1st period - Paul Stastny wins face-off versus Jakub Voracek in SASKATOON DUCKS zone. 11:54 of 1st period - Shot by Nicholas Paul. 11:54 of 1st period - Stopped by Tristan Jarry without a rebound. 11:55 of 1st period - Boone Jenner wins face-off versus Paul Stastny in SASKATOON DUCKS zone. 11:58 of 1st period - Shot by Alexis Lafreniere. 11:58 of 1st period - Shot Misses the Net. 12:24 of 1st period - Shot by Boone Jenner. 12:24 of 1st period - Shot Misses the Net. 12:38 of 1st period - Mathieu Joseph is hit by Boone Jenner and loses puck. 13:23 of 1st period - Shot by Jaret Anderson-Dolan. 13:23 of 1st period - Stopped by Tristan Jarry without a rebound. 13:24 of 1st period - Sidney Crosby wins face-off versus Morgan Barron in SASKATOON DUCKS zone. 13:51 of 1st period - Morgan Barron is hit by Ryan McDonagh and loses puck. 14:03 of 1st period - Minor Penalty to Sidney Crosby for Roughing. 14:04 of 1st period - Paul Stastny wins face-off versus Boone Jenner in SASKATOON DUCKS zone. 14:04 of 1st period - Paul Stastny is hit by Boone Jenner. 14:40 of 1st period - Kevin Shattenkirk is hit by Boone Jenner and loses puck. 14:55 of 1st period - Shot by Nicholas Paul. 14:55 of 1st period - Stopped by Tristan Jarry without a rebound. 14:56 of 1st period - Paul Stastny wins face-off versus Jakub Voracek in SASKATOON DUCKS zone. 16:04 of 1st period - Shot by Phil Kessel. 16:04 of 1st period - Stopped by Ilya Samsonov without a rebound. 16:05 of 1st period - Sidney Crosby wins face-off versus Jaret Anderson-Dolan in KANSAS CITY KILLERBEES zone. 17:03 of 1st period - Riley Stillman is hit by Kailer Yamamoto. 17:31 of 1st period - Shot by Ivan Barbashev. 17:31 of 1st period - Stopped by Ilya Samsonov without a rebound. 17:32 of 1st period - Tyler Johnson wins face-off versus Paul Stastny in KANSAS CITY KILLERBEES zone. 18:24 of 1st period - Icing by Ryan McDonagh. 18:25 of 1st period - Ryan Strome wins face-off versus Morgan Barron in SASKATOON DUCKS zone. 18:32 of 1st period - Shot by Jake Guentzel. 18:32 of 1st period - Stopped by Ilya Samsonov without a rebound. 18:33 of 1st period - Ivan Barbashev wins face-off versus Morgan Barron in KANSAS CITY KILLERBEES zone. 18:36 of 1st period - Shot by Jake Guentzel. 18:36 of 1st period - Shot Misses the Net. 18:38 of 1st period - Shot by Kevin Shattenkirk. 18:38 of 1st period - Stopped by Ilya Samsonov with a rebound. 18:49 of 1st period - Icing by Jakub Voracek. 18:50 of 1st period - Sidney Crosby wins face-off versus Morgan Barron in KANSAS CITY KILLERBEES zone. 19:33 of 1st period - Icing by Sean Walker. 19:34 of 1st period - Ryan Strome wins face-off versus Jakub Voracek in KANSAS CITY KILLERBEES zone. Goals for this period are 0 for KANSAS CITY KILLERBEES vs 0 for SASKATOON DUCKS. Shots for this period are 9 for KANSAS CITY KILLERBEES vs 10 for SASKATOON DUCKS. 2nd period 0:01 of 2nd period - Philipp Kurashev wins face-off versus Ryan Strome in neutral zone. 0:20 of 2nd period - Shot by James van Riemsdyk. 0:20 of 2nd period - Stopped by Tristan Jarry without a rebound. 0:21 of 2nd period - Sidney Crosby wins face-off versus Tyler Johnson in SASKATOON DUCKS zone. 0:34 of 2nd period - Shot by Nicholas Paul. 0:34 of 2nd period - Shot Blocked by Jake Sanderson. 0:44 of 2nd period - Shot by Sidney Crosby. 0:44 of 2nd period - Stopped by Ilya Samsonov with a rebound. 1:25 of 2nd period - Icing by Ryan McDonagh. 1:26 of 2nd period - Boone Jenner wins face-off versus Ryan Strome in SASKATOON DUCKS zone. 1:34 of 2nd period - Icing by Roman Josi. 1:35 of 2nd period - Boone Jenner wins face-off versus Ryan Strome in SASKATOON DUCKS zone. 1:38 of 2nd period - Shot by James van Riemsdyk. 1:38 of 2nd period - Shot Misses the Net. 2:32 of 2nd period - Morgan Barron is hit by Jake Guentzel and loses puck. 2:47 of 2nd period - Shot by Zach Aston-Reese. 2:47 of 2nd period - Stopped by Tristan Jarry without a rebound. 2:48 of 2nd period - Paul Stastny wins face-off versus Tyler Johnson in SASKATOON DUCKS zone. 2:52 of 2nd period - Minor Penalty to Tyler Johnson for Slashing. 2:53 of 2nd period - Boone Jenner wins face-off versus Ivan Barbashev in KANSAS CITY KILLERBEES zone. 3:06 of 2nd period - Shot by Roman Josi. 3:06 of 2nd period - Shot Misses the Net. 3:08 of 2nd period - Shot by Kailer Yamamoto. 3:08 of 2nd period - Deflect By Ivan Barbashev. 3:08 of 2nd period - Shot Misses the Net. 3:45 of 2nd period - Off-side. 3:46 of 2nd period - Sidney Crosby wins face-off versus James van Riemsdyk in neutral zone. 4:09 of 2nd period - Shot by Jake Guentzel. 4:09 of 2nd period - Goal by Jake Guentzel - KANSAS CITY KILLERBEES : 0 - SASKATOON DUCKS : 1. 4:10 of 2nd period - Paul Stastny wins face-off versus Morgan Barron in neutral zone. 4:31 of 2nd period - Shot by Phil Kessel. 4:31 of 2nd period - Shot Misses the Net. 4:33 of 2nd period - Shot by Mathieu Joseph. 4:33 of 2nd period - Deflect By Phil Kessel. 4:33 of 2nd period - Shot Misses the Net. 4:35 of 2nd period - Shot by Phil Kessel. 4:35 of 2nd period - Shot Misses the Net. 4:37 of 2nd period - Shot by Samuel Girard. 4:37 of 2nd period - Shot Misses the Net. 4:45 of 2nd period - Shot by Phil Kessel. 4:45 of 2nd period - Shot Misses the Net. 4:47 of 2nd period - Shot by Mathieu Joseph. 4:47 of 2nd period - Shot Misses the Net. 4:49 of 2nd period - Shot by Phil Kessel. 4:49 of 2nd period - Stopped by Ilya Samsonov with a rebound. 4:51 of 2nd period - Shot by Paul Stastny. 4:51 of 2nd period - Stopped by Ilya Samsonov without a rebound. 4:52 of 2nd period - Boone Jenner wins face-off versus Sidney Crosby in KANSAS CITY KILLERBEES zone. 4:52 of 2nd period - Boone Jenner is hit by Artemi Panarin. 5:02 of 2nd period - Shot by James van Riemsdyk. 5:02 of 2nd period - Shot Blocked by Kevin Shattenkirk. 5:04 of 2nd period - Shot by K'Andre Miller. 5:04 of 2nd period - Shot Blocked by Jake Sanderson. 5:21 of 2nd period - Shot by Philipp Kurashev. 5:21 of 2nd period - Shot Blocked by Jake Sanderson. 5:23 of 2nd period - Shot by Mattias Ekholm. 5:23 of 2nd period - Stopped by Tristan Jarry with a rebound. 5:25 of 2nd period - Shot by Philipp Kura